 Dungeon Crawl Stone Soup version 0.31-a0-986-g5e6e4ef867 (webtiles) character file.

Game seed: 16196823962691221385

6279 Dittersdorf the Blocker (level 10, -13/66 HPs)
             Began as a Gargoyle Fighter on Nov 6, 2023.
             Was an Initiate of Gozag.
             Mangled by a manticore (16 damage)
             ... on level 9 of the Dungeon.
             The game lasted 00:08:21 (7332 turns).

Dittersdorf the Blocker (Gargoyle Fighter)          Turns: 7332, Time: 00:08:22

Health: -13/66     AC: 22    Str: 24    XL:     10   Next: 94%
Magic:  10/10      EV:  6    Int:  9    God:    Gozag
Gold:   1389       SH: 10    Dex:  9    Spells: 9/9 levels left

rFire   . . .        v - +3 flail (heavy)
rCold   + . .        b - +0 kite shield
rNeg    + . .        o - +0 plate armour
rPois   ∞            t - +0 helmet
rElec   +            (no cloak)
rCorr   .            (no gloves)
SInv    +            (no boots)
Will    .....        (no amulet) Stlth
                     p - ring of protection from cold
HPRegen 0.31/turn    A - ring of see invisible
MPRegen 0.12/turn

%: no passive effects
@: gold aura, studying Poison Magic
A: sickness immunity, AC +7, negative energy resistance 1, electricity
resistance, torment resistance 1, petrification resistance
a: Renounce Religion, Potion Petition, Call Merchant, Bribe Branch


You were on level 9 of the Dungeon.
You worshipped Gozag.
Gozag was most pleased with you.
You visited 1 branch of the dungeon, and saw 9 of its levels.

You collected 1464 gold pieces.
You paid 75 gold pieces to Gozag.

Inventory:

Hand Weapons
 c - a +0 morningstar
 v - a +3 heavy flail (weapon)
Missiles
 z - 3 throwing nets
Armour
 b - a +0 kite shield (worn)
 o - a +0 plate armour (worn)
 t - a +0 helmet (worn)
Jewellery
 p - a ring of protection from cold (left hand)
 q - an amulet of guardian spirit
 A - a ring of see invisible (right hand)
Wands
 h - a wand of light (15) (quivered)
 m - a wand of iceblast (4)
Scrolls
 a - a scroll of fear
 f - a scroll of immolation
 r - a scroll of fog
 s - 2 scrolls of poison
 w - a scroll of teleportation
Potions
 d - 4 potions of might
 e - 5 potions of curing {unknown}
 g - a potion of magic
 i - a potion of brilliance
 j - 2 potions of haste
 k - 2 potions of invisibility
 l - a potion of berserk rage
 n - 2 potions of mutation
 u - 5 potions of heal wounds
 B - a potion of resistance


   Skills:
 + Level 9.5 Fighting
 + Level 8.4 Maces & Flails
 + Level 9.5 Armour
 + Level 9.5 Shields


You had 9 spell levels left.
You didn't know any spells.
Your spell library contained the following spells:

 Spells                   Type           Power      Damage    Failure   Level
 Inner Flame              Hex/Fire       0%         N/A       100%        3
 Leda's Liquefaction      Hex/Erth       0%         N/A       100%        4
 Lee's Rapid Deconstruct  Erth           0%         3d4*      100%        5
 Yara's Violent Unravell  Hex/Tmut       0%         3d3       100%        5
 Bombard                  Conj/Erth      0%         9d1       100%        6
 Enfeeble                 Hex            0%         N/A       100%        7


Dungeon Overview and Level Annotations

Branches:
Dungeon (9/15)             Temple (0/1) D:4
   Lair: D:8-11         Orc: D:9-12

Altars:
Dithmenos
Elyvilon
Gozag
Okawaru
Ru
Uskayaw
Vehumet
Wu Jian
Xom

Shops:
D:1 (   D:7 (

Annotations:
D:3 2 transporters, Xavori's ghost, amateur DjCK


Innate Abilities, Weirdness & Mutations

You are immune to sickness and miasma.
Your stone body is resilient. (AC +7)
You are immune to poison.
You resist negative energy. (rN+)
You are resistant to electric shocks. (rElec)
You are resistant to unholy torment.
You are immune to petrification.


Message History

The manticore bites you but does no damage.
You block the manticore's attack.
The manticore claws you but does no damage.
Things that are here:
8 gold pieces; a +0 trident; a +0 robe You closely miss the manticore.
You block the steam dragon's attack.
The steam dragon claws you but does no damage.
The manticore is distracted by your dazzling golden aura.
The steam dragon bites you!
The steam dragon claws you but does no damage.
You bludgeon the manticore!!
The manticore is no longer distracted by gold.
The manticore is heavily wounded.
You block the steam dragon's attack.
The steam dragon claws you but does no damage.
The manticore bites you but does no damage.
You block the manticore's attack.
The manticore claws you but does no damage.
You hit the manticore.
The manticore is heavily wounded.
The steam dragon bites you but does no damage.
The steam dragon barely misses you. The manticore barely misses you. x2
You block the manticore's attack. The manticore bites you.
The manticore claws you but does no damage.
The manticore claws you!
* * * LOW HITPOINT WARNING * * *
You block the manticore's attack. x2
The manticore claws you but does no damage.
The manticore bites you but does no damage.
The manticore closely misses you. The manticore claws you!
* * * LOW HITPOINT WARNING * * *
The steam dragon bites you but does no damage.
The steam dragon claws you but does no damage.
You bludgeon the manticore!!
The manticore is almost dead.
The steam dragon bites you.
* * * LOW HITPOINT WARNING * * *
You block the steam dragon's attack. The manticore bites you!
You die...
Your body crumbles into a pile of gold.

#... #..# #....##...
.###...#....
...#...#...###.
.............#
#...........##
#...H......... #
#..H@D# ...|. #.
#...?.##...... ###
#.#####......$.##
..#
....................
.♣# #
.#.........#......
♣.#...
##........##......
..#....##........##
.###.
....#...........####
.# ♣.#
##..###........# #


You could see 2 manticores and a steam dragon.

Vanquished Creatures
  2 two-headed ogres
  Pikel (D:5)
  A troll (D:9)
  A hornet (D:9)
  Sigmund (D:5)
  A wyvern (D:9)
  A wraith (D:6)
  2 yaks
  2 steam dragons (D:8)
  A water moccasin (D:6)
  3 orc warriors
  2 sky beasts
  2 ice beasts (D:6)
  2 black bears (D:5)
  3 centaurs
  2 phantoms
  3 kobold brigands
  Blork the orc (D:5)
  A bullfrog (D:9)
  A gnoll sergeant (D:9)
  2 scorpions
  5 wights
  A howler monkey (D:7)
  4 hounds (D:6)
  A gnoll bouda (D:7)
  4 orc priests
  2 jellies (D:6)
  4 sleepcaps
  3 iguanas
  Terence (D:3)
  9 orc wizards
  21 gnolls
  15 adders
  A shadow imp (D:7)
  A white imp (D:7)
  2 ufetubi (D:6)
  17 orcs
  9 bats
  6 endoplasms
  2 giant cockroaches
  4 goblins
  4 hobgoblins
  4 jackals
  A quokka (D:5)
  3 training dummies (D:7)
  5 ball pythons
  A frilled lizard (D:1)
  4 kobolds
  4 rats
173 creatures vanquished.

Vanquished Creatures (others)
  A scorpion (D:6)
  An orc wizard (D:6)
  An adder (D:6)
  An ufetubus (D:6)
4 creatures vanquished.

Grand Total: 177 creatures vanquished

Notes
Turn   | Place    | Note
-------+----------+-------------------------------------------
     0 | D:1      | Dittersdorf the Gargoyle Fighter began the quest for the
                  | Orb.
     0 | D:1      | Reached XP level 1. HP: 14/14 MP: 1/1
   495 | D:1      | Found Roanwut's Weapon Shop.
   737 | D:2      | Reached XP level 2. HP: 17/19 MP: 2/2
   867 | D:2      | Reached XP level 3. HP: 22/23 MP: 3/3
  1247 | D:2      | Reached XP level 4. HP: 28/29 MP: 4/4
  1382 | D:3      | Found a transporter.
  1389 | D:3      | Noticed Xavori's ghost (amateur DjCK)
  1405 | D:3      | Found a faded altar of an unknown god.
  1525 | D:3      | Noticed Terence
  1543 | D:3      | Killed Terence
  1544 | D:3      | Reached XP level 5. HP: 33/33 MP: 5/5
  2017 | D:3      | Found a transporter.
  2234 | D:3      | Found a shadowy altar of Dithmenos.
  2574 | D:4      | Found an opulent altar of Gozag.
  2583 | D:4      | Became a worshipper of Gozag Ym Sagoz the Greedy
  2633 | D:4      | Found a staircase to the Ecumenical Temple.
  2886 | D:4      | Found an iron altar of Okawaru.
  2897 | D:4      | Found an ornate altar of the Wu Jian Council.
  2899 | D:4      | Found a sacrificial altar of Ru.
  2901 | D:4      | Found a white marble altar of Elyvilon.
  3009 | D:4      | Reached XP level 6. HP: 39/39 MP: 6/6
  3076 | D:5      | Entered Level 5 of the Dungeon
  3081 | D:5      | Noticed a black bear
  3089 | D:5      | Killed a black bear
  3313 | D:5      | Reached skill level 5 in Shields
  3317 | D:5      | Reached skill level 5 in Fighting
  3317 | D:5      | Reached skill level 5 in Armour
  3324 | D:5      | Noticed Blork the orc
  3331 | D:5      | Killed Blork the orc
  3332 | D:5      | Reached XP level 7. HP: 38/44 MP: 7/7
  3404 | D:5      | Noticed Pikel
  3429 | D:5      | Killed Pikel
  3430 | D:5      | Reached XP level 8. HP: 32/51 MP: 8/8
  3510 | D:5      | Noticed Sigmund
  3529 | D:5      | Killed Sigmund
  3530 | D:5      | Reached skill level 5 in Maces & Flails
  3974 | D:6      | Identified the +9 ring mail "Sulaas" {-Cast rN+++ Regen+
                  | Str-4}
  4012 | D:6      | Reached XP level 9. HP: 37/56 MP: 9/9
  4371 | D:6      | Found a shimmering altar of Xom.
  5191 | D:7      | You fall into a shaft and drop 2 floors!
  5236 | D:9      | Noticed a two-headed ogre
  5243 | D:9      | Killed a two-headed ogre
  5244 | D:9      | Reached XP level 10. HP: 41/65 MP: 10/10
  5809 | D:7      | Found a radiant altar of Vehumet.
  6349 | D:7      | Found Oleser's Firing Range.
  6571 | D:8      | Noticed a two-headed ogre
  6576 | D:8      | Killed a two-headed ogre
  7281 | D:9      | Found a hide-covered altar of Uskayaw.
  7321 | D:9      | Noticed a manticore
  7325 | D:9      | Noticed a manticore
  7332 | D:9      | HP: 3/66 [steam dragon (4)]
  7332 | D:9      | Mangled by a manticore

Illustrated notes

Levels and vault maps discovered:
D:1:      dpeg_arrival_leaves_temple_mockup, layout_basic, serial_shops,
          nicolae_shop_rolling_square
D:2:      layout_basic, minmay_joined_circles
D:3:      layout_basic, mainiacjoe_overflow_alcove_4, basic_ecumenical_altar,
          gammafunk_ghost_stat_death, uniq_terence
D:4:      layout_rooms, nicolae_gozag_seed_capital, minitemple,
          minmay_temple_entry_drinking_statues, st_stairs_8, roderic_batcave
D:5:      layout_loops_ring, uniq_pikel, uniq_blork_the_orc, uniq_sigmund
D:6:      layout_gridville, xom_confusion_cloud, minmay_manual_monolith
D:7:      layout_cave_pools, nicolae_vehumet_radiance, nicolae_shop_firing_range
D:8:      layout_basic
D:9:      minmay_the_grid_net [minmay_the_grid_eight,
          minmay_the_grid_outer_diamond, minmay_the_grid_aliased_spiral,
          minmay_the_grid_odd_star, minmay_the_grid_garden,
          minmay_the_grid_prize_trominoes], layout_cave_pools,
          marbit_many_paths, general_overflow_altar, nicolae_fountain_basement

Skill      XL: |  1  2  3  4  5  6  7  8  9 10 |
---------------+-------------------------------+-----
Shields        | 4 5 7 8 9 |  9.5
Fighting       | 4 5 6 8 9 |  9.5
Armour         | 4 5 6 8 9 |  9.5
Maces & Flails | 3 4 5 7 8 |  8.4

Action                     |  1- 3 |  4- 6 |  7- 9 | 10-12 || total
---------------------------+-------+-------+-------+-------++-------
  Melee: Flail             |    67 |   204 |   198 |   157 ||   626
  Throw: Dart              |       |     4 |     3 |       ||     7
  Evoke: Wand              |       |       |     2 |     4 ||     6
    Use: Scroll            |       |       |    16 |     5 ||    21
   Stab: Distracted        |       |     1 |     1 |     2 ||     4
         Invisible         |       |       |     1 |       ||     1
 Armour: Scale mail        |    38 |    23 |       |       ||    61
         Chain mail        |       |   166 |   235 |   145 ||   546
         Plate armour      |       |       |       |    78 ||    78
  Dodge: Dodged            |    29 |   110 |   115 |    89 ||   343
  Block: Buckler           |    18 |    52 |    69 |    15 ||   154
         Kite shield       |       |       |       |   106 ||   106

Table legend: (Time is in decaauts)
 A = Elapsed time spent in this place.
 B = Non-inter-level travel time spent in this place.
 C = Inter-level travel time spent in this place.
 D = Time resting spent in this place.
 E = Time spent auto-exploring this place.
 F = Levels seen in this place.
 G = Mean time per level.
                   A        B        C        D        E       F      G
               +--------+--------+--------+--------+--------+-----+--------+
         Total |   7595 |   7287 |    308 |    613 |   5003 |   9 |  843.9 |
       Dungeon |   7595 |   7287 |    308 |    613 |   5003 |   9 |  843.9 |
               +--------+--------+--------+--------+--------+-----+--------+

Top non-repeatable levels by time:
     D:6: 1521 daAuts
     D:3: 1131 daAuts
     D:8: 908 daAuts
     D:5: 783 daAuts
     D:2: 782 daAuts
     D:4: 647 daAuts
     D:1: 620 daAuts
     D:7: 601 daAuts
     D:9: 598 daAuts
